 Dungeon Crawl Stone Soup version 0.30-a0-743-gbfdf073431 (webtiles) character file.

Game seed: 17295745647215570467

43 epen the Chiller (level 3, 0/25 HPs)
             Began as a Gnoll Wanderer on Feb 5, 2023.
             Was a Follower of Hepliaklqana.
             Slain by Natasha (8 damage)
             ... on level 2 of the Dungeon.
             The game lasted 00:02:46 (1153 turns).

epen the Chiller (Gnoll Wanderer)                   Turns: 1153, Time: 00:02:47

Health: 0/25       AC:  3    Str:  9    XL:     3   Next: 58%
Magic:  7/7        EV: 12    Int: 13    God:    Hepliaklqana [*.....]
Gold:   113        SH:  0    Dex: 13    Spells: 7/7 levels left

rFire   . . .      SeeInvis .    a - +0 dagger
rCold   . . .      Faith    .    (no shield)
rNeg    + . .      Spirit   .    c - +0 robe
rPois   .          Reflect  .    (no helmet)
rElec   .          Harm     .    (no cloak)
rCorr   .          Rampage  .    (no gloves)
Will    .....                    d - +0 pair of boots
Stlth   +++                      (no amulet)
HPRegen 0.24/turn                m - ring of positive energy
MPRegen 0.10/turn                (no ring)

@: no status effects
A: reduced essence, fangs 1, strong nose, distributed training
a: Renounce Religion, Recall Ancestor, Ancestor Identity


You were on level 2 of the Dungeon.
You worshipped Hepliaklqana.
Hepliaklqana was aware of your devotion.
You visited 1 branch of the dungeon, and saw 2 of its levels.

You collected 113 gold pieces.

Inventory:

Hand Weapons
 a - a +0 dagger (weapon)
Armour
 c - a +0 robe (worn)
 d - a +0 pair of boots (worn)
Jewellery
 i - a ring of ice
 m - a ring of positive energy (left hand)
Scrolls
 b - a scroll of blinking
 g - a scroll of immolation {unknown}
 j - 2 scrolls of identify {unknown}
 l - a scroll of magic mapping {unknown}
Potions
 e - 3 potions of curing
 f - a potion of heal wounds {unknown}
 h - a potion of magic {unknown}
 k - 2 potions of attraction {unknown}


   Skills:
 + Level 2.6 Fighting
 + Level 0.9 Short Blades
 + Level 0.9 Long Blades
 + Level 0.9 Axes
 + Level 0.9 Maces & Flails
 + Level 0.9 Polearms
 + Level 0.9 Staves
 + Level 0.9 Ranged Weapons
 + Level 0.9 Throwing
 + Level 0.9 Armour
 + Level 2.6 Dodging
 + Level 4.2 Stealth
 + Level 0.9 Shields
 + Level 0.9 Unarmed Combat
 + Level 2.8 Spellcasting
 + Level 0.6 Conjurations
 + Level 0.6 Hexes
 + Level 0.6 Summonings
 + Level 0.6 Necromancy
 + Level 2.1 Translocations
 + Level 0.6 Transmutations
 + Level 0.6 Fire Magic
 + Level 7.1 Ice Magic
 + Level 0.6 Air Magic
 + Level 0.6 Earth Magic
 + Level 0.6 Poison Magic
 + Level 1.0 Invocations
 + Level 0.9 Evocations


You had 7 spell levels left.
You didn't know any spells.
Your spell library contained the following spells:

 Spells                   Type           Power      Damage    Failure   Level
 Freeze                   Ice            80%        1d9       1%          1
 Frozen Ramparts          Ice            40%        1d7       3%          3
 Ensorcelled Hibernation  Hex/Ice        22%        N/A       7%          2
 Apportation              Tloc           14%        N/A       10%         1
 Portal Projectile        Hex/Tloc       10%        N/A       36%         3


Dungeon Overview and Level Annotations

Branches:
Dungeon (2/15)

Altars:
Hepliaklqana

Shops:
D:1 :

Annotations:
D:2 Natasha


Innate Abilities, Weirdness & Mutations

Your life essence is reduced to manifest your ancestor. (-10% HP)
You have very sharp teeth.
Your uncanny sense of smell can sniff out nearby items.
Your experience applies equally to all skills.


Message History

Attack!
Natasha casts a spell.
Natasha claws Dolboeb.
Dolboeb barely misses Natasha.
Natasha closely misses Dolboeb.
Dolboeb barely misses Natasha.
Natasha claws Dolboeb!
Dolboeb hits Natasha.
Natasha claws Dolboeb!
Dolboeb is destroyed!
You hit Natasha but do no damage.
Natasha is lightly wounded.
Natasha closely misses you.
You hit Natasha.
Natasha is moderately wounded.
Natasha claws you.
You hit Natasha but do no damage.
Natasha is moderately wounded.
Natasha growls.
Natasha misses you.
You hit Natasha but do no damage. You bite Natasha, but do no damage.
Natasha is moderately wounded.
Natasha misses you.
You hit Natasha.
Natasha is moderately wounded.
Natasha mumbles some strange words.
Natasha shimmers violently.
Natasha closely misses you.
You hit Natasha.
Natasha is moderately wounded.
Natasha claws you!
You hit Natasha.
Natasha is heavily wounded.
Natasha casts a spell.
You hit Natasha. You bite Natasha, but do no damage.
Natasha is severely wounded.
Natasha claws you.
You hit Natasha. You bite Natasha.
Natasha is severely wounded.
The iron imp hits you.
Natasha mewls in sadness.
Natasha claws you!
You die...

.# #.# .###+# #.#
#.#...## #.##
##.....## #..#
##.......## ##..#
##.........####..)##
#..........'5h@5(..#
#.........####...##
#.......## ##...#
##.....## ###.#
##...## .# ###'## #
#####.#.#######
.............†#
#####.#.#####.#


You could see 2 iron imps and Natasha.

Vanquished Creatures
  A dart slug (D:1)
  6 endoplasms
  A giant cockroach (D:1)
  2 goblins (D:1)
  3 hobgoblins (D:1)
  5 jackals (D:1)
  2 quokkas (D:1)
  3 ball pythons (D:1)
  6 bats (D:1)
  2 frilled lizards (D:1)
  A kobold (D:1)
  3 rats
35 creatures vanquished.

Vanquished Creatures (collateral kills)
  A frilled lizard (D:2)
1 creature vanquished.

Vanquished Creatures (others)
  An ancestor (D:2)
1 creature vanquished.

Grand Total: 37 creatures vanquished

Notes
Turn   | Place    | Note
-------+----------+-------------------------------------------
     0 | D:1      | epen the Gnoll Wanderer began the quest for the Orb.
     0 | D:1      | epen set off with the following items: a +0 dagger, a
                  | scroll of blinking, a +0 robe, a +0 pair of boots; and the
                  | following spells available to memorise: Freeze, Frozen
                  | Ramparts, Ensorcelled Hibernation, Apportation, Portal
                  | Projectile.
     0 | D:1      | Reached XP level 1. HP: 17/17 MP: 4/4
   177 | D:1      | Reached XP level 2. HP: 21/23 MP: 5/5
   376 | D:1      | Reached XP level 3. HP: 13/28 MP: 7/7
   714 | D:1      | Reached skill level 1 in Invocations
   794 | D:1      | Found a faded altar of an unknown god.
   855 | D:1      | Prayed at the altar of an unknown god.
   855 | D:1      | Became a worshipper of Hepliaklqana the Forgotten
   855 | D:1      | Reached * piety under Hepliaklqana
   984 | D:1      | Found Laiseudu's Book Emporium.
  1136 | D:2      | Noticed Natasha
  1153 | D:2      | Slain by Natasha

Illustrated notes

Levels and vault maps discovered:
D:1:      shiori_arrival_oz, layout_loops_ring, serial_shops, shop,
          dreamdust_ecumenical_altar_hidden_monk_grotto, minmay_pentomino_w4
D:2:      layout_loops_corners, due_unseen_surprise, uniq_natasha

Skill      XL: |  1  2  3 |
---------------+----------+-----
Translocations | 2 |  2.1
Invocations    | 1 |  1.0
Fighting       | |  2.6
Short Blades   | |  0.9
Long Blades    | |  0.9
Axes           | |  0.9
Maces & Flails | |  0.9
Polearms       | |  0.9
Staves         | |  0.9
Ranged Weapons | |  0.9
Throwing       | |  0.9
Armour         | |  0.9
Dodging        | |  2.6
Stealth        | |  4.2
Shields        | |  0.9
Unarmed Combat | |  0.9
Spellcasting   | |  2.8
Conjurations   | |  0.6
Hexes          | |  0.6
Summonings     | |  0.6
Necromancy     | |  0.6
Transmutations | |  0.6
Fire Magic     | |  0.6
Ice Magic      | |  7.1
Air Magic      | |  0.6
Earth Magic    | |  0.6
Poison Magic   | |  0.6
Evocations     | |  0.9

Action                     || total
---------------------------++-------
  Melee: Dagger            ||   186
         Bite              ||    22
         Punch             ||     3
 Invoke: Ancestor Identity ||     2
    Use: Potion            ||     1
   Stab: Sleeping          ||     8
 Armour: Robe              ||    60
  Dodge: Dodged            ||   121

Table legend: (Time is in decaauts)
 A = Elapsed time spent in this place.
 B = Non-inter-level travel time spent in this place.
 C = Inter-level travel time spent in this place.
 D = Time resting spent in this place.
 E = Time spent auto-exploring this place.
 F = Levels seen in this place.
 G = Mean time per level.
                   A        B        C        D        E       F      G
               +--------+--------+--------+--------+--------+-----+--------+
         Total |   1148 |   1130 |     18 |    152 |    622 |   2 |  574.0 |
       Dungeon |   1148 |   1130 |     18 |    152 |    622 |   2 |  574.0 |
               +--------+--------+--------+--------+--------+-----+--------+

Top non-repeatable levels by time:
     D:1: 1048 daAuts
     D:2: 100 daAuts
